[Event "ICC tourney 1932 (15 5)"]
[Site "Internet Chess Club"]
[Date "2020.07.24"]
[Round "3"]
[White "MrNormalName"]
[Black "rjc64uk"]
[Result "1-0"]
[ICCResult "Black checkmated"]
[WhiteElo "1674"]
[BlackElo "1474"]
[Opening "Old Indian: main line"]
[ECO "A55"]
[NIC "OI.01"]
[Time "19:00:45"]
[TimeControl "900+5"]

1. d4 Nf6 2. c4 d6 3. Nc3 Nbd7 4. e4 e5 5. Nf3 Be7 6. Be2 O-O 7. O-O c6 8.
d5 Nc5 9. Qc2 a5 10. Be3 Qc7 11. Nd2 Ne8 12. a3 f5 13. dxc6 bxc6 14. Bxc5
dxc5 15. exf5 Bxf5 16. Bd3 Bxd3 17. Qxd3 Rd8 18. Qe2 Qb8 19. Nf3 Bf6 20. Ne4
Be7 21. Rad1 Nf6 22. Nxf6+ gxf6 23. Nh4 f5 24. Qh5 Bxh4 25. Qxh4 Rd4 26.
Qg5+ Kh8 27. Qe7 Rfd8 28. Rde1 e4 29. Qf6+ Kg8 30. Qxf5 Qxb2 31. Qg5+ Kh8
32. Qf6+ Kg8 33. Re3 Rd2 34. Rg3# {Black checkmated} 1-0

[Event "ICC tourney 1932 (15 5)"]
[Site "Internet Chess Club"]
[Date "2020.07.24"]
[Round "3"]
[White "londonkid"]
[Black "Bo002"]
[Result "1-0"]
[ICCResult "Black forfeits on time"]
[WhiteElo "1485"]
[BlackElo "1924"]
[Opening "Queen's Indian: old main line, 7.Nc3"]
[ECO "E18"]
[NIC "QI.10"]
[Time "19:00:10"]
[TimeControl "900+5"]

1. d4 Nf6 2. c4 e6 3. Nf3 b6 4. g3 Bb7 5. Bg2 Be7 6. O-O O-O 7. Nc3 Ne4 8.
Bd2 d6 9. Qc2 f5 10. d5 Nxc3 11. Bxc3 e5 12. c5 Bxd5 13. cxd6 cxd6 14. Rad1
Bxf3 15. Bxf3 e4 16. Bg2 Nd7 17. g4 g6 18. gxf5 gxf5 19. Qb3+ Rf7 20. Bh3
Nc5 21. Qd5 Qc8 22. Bxf5 Qf8 23. Kh1 {Black forfeits on time} 1-0

[Event "ICC tourney 1932 (15 5)"]
[Site "Internet Chess Club"]
[Date "2020.07.24"]
[Round "3"]
[White "EsatERGIN"]
[Black "YKQ"]
[Result "0-1"]
[ICCResult "White resigns"]
[WhiteElo "1544"]
[BlackElo "1667"]
[Opening "Scandinavian: Pytel-Wade variation"]
[ECO "B01"]
[NIC "SD.02"]
[Time "19:00:13"]
[TimeControl "900+5"]

1. e4 d5 2. exd5 Qxd5 3. Nc3 Qd6 4. d4 Nf6 5. Nf3 c6 6. g3 Bg4 7. Bg2 Nbd7
8. O-O e6 9. Bf4 Qb4 10. Qd2 Bxf3 11. Bxf3 Bd6 12. Ne4 Nxe4 13. Qxb4 Bxb4
14. Bxe4 Nf6 15. Bd3 O-O-O 16. a3 Bd6 17. Bg5 Be7 18. c3 Nd5 19. Bxe7 Nxe7
20. Rad1 Rd6 21. f4 Rhd8 22. Bc2 Kc7 23. Rde1 g6 24. h4 h5 25. Kg2 Nf5 26.
Re5 b6 27. Rfe1 a5 28. a4 Nh6 29. Kf3 Ng4 30. R5e2 c5 31. dxc5 bxc5 32. Re4
Rb8 33. b3 Nf6 34. Rc4 Kc6 35. Re5 Rd5 36. Re2 Kd6 37. Kg2 Kc6 38. Kf3 Ne8
39. Rce4 Nd6 40. Re5 c4 41. bxc4 Nxc4 42. Rxd5 Kxd5 43. Bd3 Rb3 44. Re4 Nd2+
{White resigns}
0-1

[Event "ICC tourney 1932 (15 5)"]
[Site "Internet Chess Club"]
[Date "2020.07.24"]
[Round "3"]
[White "Aleksandrov73"]
[Black "justinchess"]
[Result "1-0"]
[ICCResult "Black resigns"]
[WhiteElo "1867"]
[BlackElo "1997"]
[Opening "Nimzo-Indian: 4.e3 O-O, 5.Bd3"]
[ECO "E47"]
[NIC "NI.07"]
[Time "19:00:18"]
[TimeControl "900+5"]

1. d4 Nf6 2. c4 e6 3. Nc3 Bb4 4. e3 O-O 5. Bd3 c5 6. Nf3 cxd4 7. exd4 d5 8.
cxd5 Nxd5 9. Bd2 Nc6 10. O-O Nf6 11. Bg5 Be7 12. Rc1 h6 13. Bh4 Nh5 14. Bxe7
Nxe7 15. Bb1 Nf6 16. Qd3 Bd7 17. Ne5 Bc6 18. Rfd1 Bd5 19. Ng4 Ng6 20. Nxf6+
Qxf6 21. Nxd5 exd5 22. Rc5 Rad8 23. g3 Rd7 24. Qf5 Qd6 25. Rdc1 Rfd8 26. h4
Nf8 27. h5 b6 28. Rc8 Rxc8 29. Rxc8 Rd8 30. Rc3 Re8 31. Kg2 Rd8 32. a3 Re8
33. Ba2 Rd8 34. Re3 Ne6 35. Bb1 Nf8 36. Re5 f6 37. Re3 Qd7 38. Qf3 Qd6 39.
Qg4 Qd7 40. Bf5 Qf7 41. Rc3 Qe7 42. Qf4 Ne6 43. Qe3 Re8 44. Bg6 Rd8 45. Rc6
Rd6 46. Rc8+ Rd8 47. Qxe6+ {Black resigns} 1-0

[Event "ICC tourney 1932 (15 5)"]
[Site "Internet Chess Club"]
[Date "2020.07.24"]
[Round "3"]
[White "clair"]
[Black "icommai"]
[Result "0-1"]
[ICCResult "White checkmated"]
[WhiteElo "1546"]
[BlackElo "1391"]
[Opening "Queen's pawn, Mason variation, Steinitz counter-gambit"]
[ECO "D00"]
[NIC "QP.08"]
[Time "19:00:07"]
[TimeControl "900+5"]

1. d4 d5 2. Bf4 c5 3. e3 cxd4 4. exd4 Nc6 5. c3 Bf5 6. Nd2 e6 7. Ngf3 Nf6 8.
Nh4 Bg6 9. Nxg6 hxg6 10. Bd3 Bd6 11. Bxd6 Qxd6 12. h3 Rb8 13. O-O g5 14. Be2
Qf4 15. g3 Qd6 16. Bg4 Kd7 17. Re1 Rh6 18. Nb3 b6 19. Nd2 Rbh8 20. Kg2 Ne8
21. Rh1 f5 22. Be2 g4 23. h4 g5 24. Nb3 gxh4 25. gxh4 Rxh4 26. Qd2 Qe7 27.
Qf4 Nd6 28. a4 Ne4 29. a5 Rxh1 30. Rxh1 Rxh1 31. Kxh1 Qh4+ 32. Kg2 Qh3+ 33.
Kg1 g3 34. fxg3 Nxg3 35. Qf3 Nxa5 36. Nxa5 bxa5 37. Bb5+ Ke7 38. Qg2 Qxg2+
39. Kxg2 Ne4 40. Kf3 Nd6 41. Bd3 Nc4 42. b3 Nd2+ 43. Ke3 Nxb3 44. c4 f4+ 45.
Kxf4 dxc4 46. Bxc4 Nxd4 47. Ke5 Nc6+ 48. Ke4 Kd6 49. Ba2 e5 50. Bc4 a4 51.
Kd3 Kc5 52. Bg8 Kb4 53. Bd5 a3 54. Kc2 Nd4+ 55. Kb1 Nb5 56. Ba8 Nc3+ 57. Ka1
e4 58. Bb7 e3 59. Ba6 e2 60. Bxe2 Nxe2 61. Ka2 Nd4 62. Ka1 Kb3 63. Kb1 a2+
64. Ka1 Nc2# {White checkmated} 0-1

[Event "ICC tourney 1932 (15 5)"]
[Site "Internet Chess Club"]
[Date "2020.07.24"]
[Round "3"]
[White "firetiger"]
[Black "chesslin"]
[Result "1-0"]
[ICCResult "Black resigns"]
[WhiteElo "2530"]
[BlackElo "1765"]
[Opening "King's Indian: orthodox, Aronin-Taimanov variation (Yugoslav attack / Mar del Plata variation)"]
[ECO "E97"]
[NIC "KI.07"]
[Time "19:00:56"]
[TimeControl "900+5"]

1. d4 g6 2. Nf3 Bg7 3. c4 d6 4. e4 Nf6 5. Nc3 O-O 6. Be2 Nc6 7. O-O e5 8. d5
Ne7 9. Nd2 Kh8 10. b4 a5 11. Ba3 axb4 12. Bxb4 c5 13. dxc6 Nxc6 14. a3 Nd4
15. Nb3 Be6 16. Bd3 Qb6 17. Nxd4 exd4 18. Nb5 Rfd8 19. a4 Ng4 20. Be2 Ne5
21. a5 Qc6 22. Nxd4 Qxe4 23. Nxe6 fxe6 24. Ra2 Nxc4 25. Bf3 Qf5 26. Bxb7
Rxa5 27. Bxa5 Nxa5 28. Bf3 Nc4 29. Be2 Ne5 30. Qa4 Rf8 31. Qb3 h5 32. Ra6 d5
33. h3 Nd7 34. Rc6 Ne5 35. Rc7 Nf7 36. Qb7 Be5 37. Rc8 Nd8 38. Qb4 Qf6 39.
Bd3 Kg7 40. Qa4 Rf7 41. Ra8 Nb7 42. Ra7 Kh6 43. Qc2 Bd4 44. Ra3 Nd6 45. Qd2+
Kh7 46. Qe2 Nf5 47. Bxf5 Qxf5 48. Rf3 Qxf3 49. gxf3 e5 50. Kg2 Rb7 51. Rd1
Rb2 52. Rd2 Rb1 53. Qd3 Rb6 54. Qa3 Rf6 55. Qe7+ Kh6 56. Qxf6 {Black
resigns} 1-0

[Event "ICC tourney 1932 (15 5)"]
[Site "Internet Chess Club"]
[Date "2020.07.24"]
[Round "3"]
[White "harkerchess"]
[Black "Venom2020"]
[Result "1/2-1/2"]
[ICCResult "Game drawn by mutual agreement"]
[WhiteElo "1488"]
[BlackElo "1572"]
[Opening "Dutch"]
[ECO "A80"]
[NIC "HD.12"]
[Time "19:01:00"]
[TimeControl "900+5"]

1. d4 f5 2. Bf4 Nf6 3. e3 g6 4. Nf3 Bg7 5. c4 O-O 6. Nc3 d6 7. Be2 Nc6 8.
O-O e6 9. Rb1 a5 10. a3 Qe7 11. b4 axb4 12. axb4 e5 13. Bg5 e4 14. Nd2 Qf7
15. Bxf6 Bxf6 16. c5 Kh8 17. Bc4 Qg7 18. Nb5 dxc5 19. bxc5 Rd8 20. Qe2 Qe7
21. Ra1 Rxa1 22. Rxa1 b6 23. cxb6 cxb6 24. Rc1 Na5 25. Ba2 Ba6 26. Rb1 Rc8
27. Nc4 Nxc4 28. Bxc4 Qd7 29. Na3 Bxc4 30. Nxc4 Bd8 31. Ne5 Qc7 32. Qb2 Bf6
33. g3 {Game drawn by mutual agreement} 1/2-1/2

[Event "ICC tourney 1932 (15 5)"]
[Site "Internet Chess Club"]
[Date "2020.07.24"]
[Round "3"]
[White "playtowin2020"]
[Black "watermelon"]
[Result "1-0"]
[ICCResult "Black resigns"]
[WhiteElo "1253"]
[BlackElo "1325"]
[Opening "French: Tarrasch"]
[ECO "C03"]
[NIC "FR.14"]
[Time "19:01:00"]
[TimeControl "900+5"]

1. e4 e6 2. d4 d5 3. Nd2 Be7 4. Ngf3 Nf6 5. e5 Nfd7 6. Bd3 c5 7. c3 Nc6 8.
O-O O-O 9. Bb1 f6 10. exf6 Nxf6 11. Nb3 cxd4 12. Nfxd4 e5 13. Nf5 e4 14.
Nxe7+ Qxe7 15. Be3 b6 16. h3 Bf5 17. Nd4 Nxd4 18. Qxd4 Rac8 19. Bc2 Qf7 20.
Bb3 Be6 21. Rad1 Qd7 22. Kh2 Qd6+ 23. Kh1 Qd7 24. Qe5 Rfe8 25. Qg3 Qf7 26.
Rfe1 Nh5 27. Qh4 Nf6 28. Bd4 Rf8 29. Re3 Qh5 30. Bxf6 Qxh4 31. Bxh4 Kh8 32.
Bxd5 Bxd5 33. Rxd5 h6 34. Rxe4 Rf7 35. Re7 Rf4 36. Bg3 Ra4 37. Rdd7 Rg8 38.
Be5 Rxa2 39. Rxg7 Rxg7 40. Rxg7 Rxb2 41. Rxa7+ Kg8 42. Bd4 Rb1+ 43. Kh2 b5
44. f4 Rf1 45. Kg3 Rb1 46. Kh4 b4 47. cxb4 Rxb4 48. Be5 Re4 49. Kh5 Re2 50.
g4 Rh2 51. f5 Rxh3+ 52. Kg6 Kf8 53. f6 {Black resigns} 1-0

[Event "ICC tourney 1932 (15 5)"]
[Site "Internet Chess Club"]
[Date "2020.07.24"]
[Round "3"]
[White "Openyagami"]
[Black "MasterZachary"]
[Result "1/2-1/2"]
[ICCResult "Game drawn by mutual agreement"]
[WhiteElo "1538"]
[BlackElo "2098"]
[Opening "English opening"]
[ECO "A20"]
[NIC "EO.24"]
[Time "19:00:05"]
[TimeControl "900+5"]

1. c4 e5 2. g3 Nf6 3. Bg2 Bc5 4. e3 d5 5. cxd5 Nxd5 6. Ne2 Nb4 7. d4 exd4 8.
exd4 Bxd4 9. Nxd4 Qxd4 10. Qe2+ Be6 11. O-O N8c6 12. a3 Qd3 13. Re1 Nd4 14.
Qh5 Nbc2 15. Be4 Qa6 16. Be3 Nxe1 17. Bxd4 Qc4 18. Bxb7 Rb8 19. Bxg7 Rxb7
20. Nd2 Rb5 21. Qd1 Qc6 22. Qxe1 Rg8 23. Rc1 Qb7 24. Bc3 Rg4 25. f3 Rg6 26.
Ne4 Rf5 27. Qe3 h5 28. Kg2 h4 29. g4 h3+ 30. Kxh3 Rxf3+ 31. Qxf3 Bxg4+ 32.
Qxg4 Rxg4 33. Nf6+ Kf8 34. Kxg4 Qg2+ 35. Kf4 Qxh2+ 36. Ke4 Qe2+ 37. Kf4 Qf2+
38. Ke4 Qe2+ 39. Kf4 Qf2+ 40. Ke4 {Game drawn by mutual agreement} 1/2-1/2

[Event "ICC tourney 1932 (15 5)"]
[Site "Internet Chess Club"]
[Date "2020.07.24"]
[Round "3"]
[White "vyomvidy"]
[Black "helavir"]
[Result "1/2-1/2"]
[ICCResult "Game drawn by repetition"]
[WhiteElo "1640"]
[BlackElo "1896"]
[Opening "Queen's pawn: Chigorin variation"]
[ECO "D00"]
[NIC "VO.15"]
[Time "19:00:37"]
[TimeControl "900+5"]

1. Nc3 d5 2. d4 Nf6 3. Bf4 a6 4. e3 Bf5 5. f3 e6 6. g4 Bg6 7. h4 h6 8. Bd3
Bxd3 9. Qxd3 c5 10. dxc5 Bxc5 11. Nge2 Nc6 12. O-O-O Qa5 13. Kb1 O-O-O 14.
Nd4 Nxd4 15. exd4 Bd6 16. Ne2 Qc7 17. Qe3 Nd7 18. Rd3 Bxf4 19. Qxf4 Qxf4 20.
Nxf4 Kc7 21. Re3 Kd6 22. Nd3 Rc8 23. Ne5 Nxe5 24. Rxe5 Rc4 25. c3 b5 26. f4
b4 27. Rh3 bxc3 28. bxc3 Rb8+ 29. Ka1 a5 30. f5 exf5 31. Rxf5 Rc7 32. Rhf3
Re7 33. Rf1 f6 34. g5 fxg5 35. hxg5 h5 36. g6 Re2 37. Rxh5 a4 38. Re5 Rg2
39. Rfe1 Rxg6 40. Re7 Rc8 41. Kb2 Rg2+ 42. Ka1 Rg6 43. Kb2 Rc7 44. Rxc7 Kxc7
45. Ka3 Rg2 46. Kxa4 Rxa2+ 47. Kb4 Rg2 48. Kc5 Rg3 49. Kxd5 Rxc3 50. Re7+
Kd8 51. Rxg7 Rh3 52. Kc5 Rh6 53. d5 Ra6 54. Kd4 Ra1 55. Ke5 Ra6 56. Kd4 Ra1
57. Rg6 Kd7 58. Rg7+ Kd6 59. Rg6+ Kd7 60. Rg7+ Kd6 61. Rg6+ Kd7 62. Rg7+ Kd6
63. Rg6+ Kd7 {Game drawn by repetition} 1/2-1/2

[Event "ICC tourney 1932 (15 5)"]
[Site "Internet Chess Club"]
[Date "2020.07.24"]
[Round "3"]
[White "rohitdagod"]
[Black "craigsholl66"]
[Result "0-1"]
[ICCResult "White resigns"]
[WhiteElo "1265"]
[BlackElo "1380"]
[Opening "Sicilian"]
[ECO "B54"]
[NIC "SI.01"]
[Time "19:00:20"]
[TimeControl "900+5"]

1. e4 c5 2. Nf3 d6 3. d4 cxd4 4. Nxd4 Nc6 5. Nc3 a6 6. Be3 e6 7. Qd2 Nf6 8.
Be2 Be7 9. O-O O-O 10. f3 Qc7 11. Nb3 b5 12. Rfd1 Bb7 13. a3 Rac8 14. Rac1
Rfd8 15. Bf4 Ne5 16. Na2 Nc4 17. Bxc4 Qxc4 18. Nb4 Qc7 19. Qe3 a5 20. Nd3 a4
21. Nd2 Nh5 22. Bg5 f6 23. Bh4 g5 24. Bf2 Ng7 25. c4 Qa5 26. Nb4 d5 27. c5
d4 28. Qd3 e5 29. c6 Ba8 30. Nd5 Kf7 31. b4 Qa6 32. Nxe7 Kxe7 33. Rc5 Bxc6
34. Rdc1 Ne6 35. R5c2 Nf4 36. Qf1 d3 37. Rc5 Ne2+ 38. Kh1 Nxc1 39. Qxc1 Bd7
40. Qc3 Be6 41. g3 h5 42. Kg2 g4 43. f4 Qd6 44. f5 Bd7 45. Qb2 Kf8 46. Qc3
Kf7 47. Rxc8 Rxc8 48. Bc5 Qc6 49. Qxd3 Rd8 50. Kf2 Qc7 51. Qe3 Bc6 52. Bb6
Rxd2+ 53. Ke1 Qd7 54. Qxd2 Qxd2+ 55. Kxd2 Bxe4 56. Ke3 Bxf5 57. Bc7 Ke6 58.
Bd8 Bc2 59. Bc7 f5 60. Bd8 Kd5 61. Bf6 Bb3 62. Kd3 Bc4+ 63. Kc3 f4 64. Kd2
Ke4 65. Ke1 f3 66. Kf2 Bd3 67. Bg7 Kd4 68. Bf6 Kc4 69. Ke3 Bg6 70. Bxe5 Kb3
71. Bd4 Kxa3 72. Bc3 Kb3 73. Bd2 a3 {White resigns} 0-1

[Event "ICC tourney 1932 (15 5)"]
[Site "Internet Chess Club"]
[Date "2020.07.24"]
[Round "3"]
[White "Tacticsguy52"]
[Black "drberkley"]
[Result "0-1"]
[ICCResult "White resigns"]
[WhiteElo "1289"]
[BlackElo "1494"]
[Opening "Pirc: classical (two knights) system"]
[ECO "B08"]
[NIC "PU.10"]
[Time "19:00:19"]
[TimeControl "900+5"]

1. e4 d6 2. d4 Nf6 3. Nc3 g6 4. Nf3 Bg7 5. Bc4 O-O 6. Bb3 Bg4 7. h3 Bxf3 8.
Qxf3 Nc6 9. Be3 e6 10. O-O e5 11. d5 Ne7 12. Bg5 Nh5 13. g4 Nf4 14. Bxf4
exf4 15. Qxf4 Be5 16. Qd2 f5 17. gxf5 gxf5 18. f4 Bg7 19. e5 Kh8 20. e6 Ng6
21. Rad1 Qh4 22. Qh2 Bh6 23. Ne2 Rg8 24. Kh1 Qf6 25. c3 Nh4 26. Rf2 Rg7 27.
Rg1 Rag8 28. Ng3 b5 29. Rff1 b4 30. Nh5 Rxg1+ 31. Rxg1 Qe7 32. Rxg8+ Kxg8
33. Qg3+ Ng6 34. cxb4 Bg7 35. Nxg7 Qxg7 36. Qf2 Qh6 37. Qg3 Qg7 38. Qf2 Qh6
39. Qg2 Qxf4 40. Bc4 Qxc4 41. e7 Qc1+ 42. Kh2 Qf4+ 43. Kh1 Qe5 44. Qf2 Qxd5+
45. Kg1 Nxe7 46. Qxa7 Qc4 47. Qb8+ Kf7 48. a4 Nd5 49. Qh8 Qc1+ 50. Kh2 Qf4+
51. Kg1 Qg5+ 52. Kf1 Qg7 53. Qa8 Nxb4 54. Qb7 Qxb2 55. Qxc7+ Ke6 56. Qc8+
Kd5 57. Qxf5+ Qe5 58. Qf7+ Kd4 59. Qf2+ Kc4 60. Qf7+ Qd5 61. Qc7+ Kb3 62.
Qxh7 Qd1+ 63. Kf2 Kxa4 64. Qa7+ Kb3 65. Qf7+ d5 66. h4 Qd4+ 67. Kg3 Qe3+ 68.
Kg4 Qe2+ 69. Kg3 Qe1+ 70. Kg4 Qe4+ 71. Kg3 Nd3 72. Qb7+ Kc4 73. Qa6+ Kc3 74.
Qa3+ Kd2 75. Qa2+ Ke3 76. Qa7+ d4 77. Qf7 Qf4+ 78. Qxf4+ Nxf4 {White
resigns} 0-1

[Event "ICC tourney 1932 (15 5)"]
[Site "Internet Chess Club"]
[Date "2020.07.24"]
[Round "4"]
[White "vyomvidy"]
[Black "Openyagami"]
[Result "0-1"]
[ICCResult "White resigns"]
[WhiteElo "1633"]
[BlackElo "1601"]
[Opening "Dunst (Sleipner, Heinrichsen) opening"]
[ECO "A00"]
[NIC "VO.15"]
[Time "20:01:42"]
[TimeControl "900+5"]

1. Nc3 c5 2. Nf3 d5 3. e4 d4 4. Bb5+ Nd7 5. Ne2 Nf6 6. d3 Qa5+ 7. Nc3 dxc3
8. Bxd7+ Bxd7 9. O-O cxb2 10. Bxb2 Bg4 11. h3 Bxf3 12. Qxf3 Nd7 13. e5 e6
14. Rab1 Qc7 15. Rfe1 Be7 16. Qg3 O-O 17. f4 Nb6 18. Qg4 g6 19. Qf3 c4 20.
g4 cxd3 21. cxd3 Qc5+ 22. d4 Qd5 23. Qg3 Rac8 24. f5 gxf5 25. gxf5+ Kh8 26.
Kh2 Rc2+ {White resigns} 0-1

[Event "ICC tourney 1932 (15 5)"]
[Site "Internet Chess Club"]
[Date "2020.07.24"]
[Round "4"]
[White "sanjayselvam"]
[Black "flybamboo"]
[Result "1/2-1/2"]
[ICCResult "Game drawn by mutual agreement"]
[WhiteElo "1515"]
[BlackElo "1309"]
[Opening "Queen's pawn, Mason variation"]
[ECO "D00"]
[NIC "QP.08"]
[Time "20:01:55"]
[TimeControl "900+5"]

1. d4 d5 2. Bf4 e6 3. e3 c5 4. c3 Nc6 5. Nf3 Nf6 6. Bd3 Be7 7. h3 O-O 8.
Nbd2 Qb6 9. Rb1 c4 10. Bc2 a5 11. b3 Qa6 12. bxc4 dxc4 13. a4 Nd5 14. Ne4 f5
15. Nc5 Bxc5 16. dxc5 Nxc3 17. Qd2 Nxb1 18. Bxb1 Nb4 19. Ne5 b5 20. axb5
Qxb5 21. O-O Bb7 22. Qd6 Bd5 23. Bg5 Nc6 24. Nd7 Rfe8 25. f3 Qb7 26. e4 fxe4
27. fxe4 Nb8 28. exd5 Qxd7 29. Qf4 Na6 30. Qe4 g6 31. dxe6 Qxe6 32. Qb7 Nxc5
33. Qc7 Rec8 34. Qg3 Ne4 35. Bxe4 Qxe4 36. Bf6 Re8 37. Qc7 Qe3+ 38. Kh1 Ra7
39. Qxc4+ Rf7 40. Qxf7+ Kxf7 41. Bd4+ Kg8 42. Bxe3 Rxe3 43. Ra1 Re5 44. Kh2
Kf7 45. Kg3 Ke6 46. Kf4 Rf5+ 47. Ke4 Kd6 48. g4 Re5+ 49. Kf4 g5+ 50. Kf3 Kc6
51. Kg3 {Game drawn by mutual agreement} 1/2-1/2

[Event "ICC tourney 1932 (15 5)"]
[Site "Internet Chess Club"]
[Date "2020.07.24"]
[Round "4"]
[White "Bo002"]
[Black "salamenceg"]
[Result "1-0"]
[ICCResult "Black checkmated"]
[WhiteElo "1924"]
[BlackElo "1176"]
[Opening "Grünfeld: exchange, Spassky variation"]
[ECO "D87"]
[NIC "GI.05"]
[Time "20:01:41"]
[TimeControl "900+5"]

1. d4 Nf6 2. c4 g6 3. Nc3 d5 4. cxd5 Nxd5 5. e4 Nxc3 6. bxc3 Bg7 7. Bc4 c5
8. Ne2 O-O 9. O-O Nc6 10. Be3 Qc7 11. Rc1 Rd8 12. Qd2 cxd4 13. cxd4 Bg4 14.
f3 Bd7 15. Rfd1 e5 16. d5 Be8 17. Qe1 Na5 18. Bd3 Nc6 19. dxc6 bxc6 20. Bc4
Rxd1 21. Rxd1 Qe7 22. Qc3 Kh8 23. Bb3 f5 24. Qc4 f4 25. Qg8# {Black
checkmated} 1-0

[Event "ICC tourney 1932 (15 5)"]
[Site "Internet Chess Club"]
[Date "2020.07.24"]
[Round "4"]
[White "rjc64uk"]
[Black "hackerguru"]
[Result "1/2-1/2"]
[ICCResult "Game drawn by repetition"]
[WhiteElo "1474"]
[BlackElo "1472"]
[Opening "Sicilian: Labourdonnais-Löwenthal (Kalashnikov) variation"]
[ECO "B32"]
[NIC "SI.32"]
[Time "20:02:36"]
[TimeControl "900+5"]

1. e4 c5 2. Nf3 Nc6 3. d4 cxd4 4. Nxd4 e5 5. Nb5 d6 6. N1c3 a6 7. Na3 Be7 8.
Nd5 Nf6 9. Nxf6+ Bxf6 10. Nc4 O-O 11. Qxd6 Qxd6 12. Nxd6 Nb4 13. Bd3 Rd8 14.
Nxc8 Raxc8 15. O-O Nxc2 16. Bxc2 Rxc2 17. a4 h6 18. a5 Rd4 19. f3 Bg5 20. b3
Rd3 21. b4 Rb3 22. Bxg5 hxg5 23. Rab1 Rcb2 24. Rbc1 Rxb4 25. Rc8+ Kh7 26.
Rc5 f6 27. h3 Rb5 28. Rfc1 Rxc5 29. Rxc5 Rb5 30. Rc7 Rxa5 31. Rxb7 Ra1+ 32.
Kf2 a5 33. Ra7 a4 34. Kg3 a3 35. Ra8 a2 36. Kg4 Kg6 37. Ra7 Kh6 38. Kg3 g6
39. Kg4 f5+ 40. exf5 gxf5+ 41. Kxf5 e4 42. Ra6+ Kg7 43. Ra7+ Kh6 44. Ra6+
Kh5 45. g3 exf3 46. Ra8 Kh6 47. Kf6 Kh7 48. Ra7+ Kg8 49. Ra8+ Kh7 50. Ra7+
Kg8 51. Ra8+ Kh7 {Game drawn by repetition} 1/2-1/2

[Event "ICC tourney 1932 (15 5)"]
[Site "Internet Chess Club"]
[Date "2020.07.24"]
[Round "4"]
[White "rhungaski"]
[Black "MasterZachary"]
[Result "1-0"]
[ICCResult "Black resigns"]
[WhiteElo "1654"]
[BlackElo "2092"]
[Opening "Queen's gambit accepted"]
[ECO "D20"]
[NIC "QG.03"]
[Time "20:01:42"]
[TimeControl "900+5"]

1. d4 d5 2. c4 dxc4 3. e3 e5 4. Bxc4 exd4 5. exd4 Bd6 6. Nf3 Nf6 7. O-O O-O
8. Bg5 h6 9. Bh4 Bg4 10. h3 Bh5 11. g4 Bg6 12. Ne5 Bxe5 13. dxe5 Qxd1 14.
Rxd1 Nfd7 15. f4 Bxb1 16. Raxb1 g5 17. Bg3 gxf4 18. Bxf4 Kg7 19. Rbc1 Nc5
20. Bd5 Nba6 21. Be3 c6 22. Bxc6 bxc6 23. Bxc5 Nxc5 24. Rxc5 Rfd8 25. Rd6
Rac8 26. Kf2 h5 27. gxh5 Rh8 28. e6 Rh6 29. Rcxc6 Rxc6 30. Rxc6 fxe6 31.
Rc7+ Kf6 32. Rxa7 Rxh5 33. Ra3 e5 34. b4 e4 35. Rb3 Ke5 36. b5 Kd6 37. b6
e3+ 38. Ke2 Rxh3 39. b7 Rh2+ 40. Kd3 e2 41. b8=Q+ {Black resigns} 1-0

[Event "ICC tourney 1932 (15 5)"]
[Site "Internet Chess Club"]
[Date "2020.07.24"]
[Round "4"]
[White "justinchess"]
[Black "londonkid"]
[Result "1-0"]
[ICCResult "Black forfeits on time"]
[WhiteElo "1998"]
[BlackElo "1497"]
[Opening "Queen's Indian: Capablanca variation"]
[ECO "E16"]
[NIC "QI.06"]
[Time "20:02:01"]
[TimeControl "900+5"]

1. d4 Nf6 2. c4 e6 3. Nf3 b6 4. g3 Bb7 5. Bg2 Bb4+ 6. Bd2 Bxd2+ 7. Qxd2 O-O
8. Nc3 Ne4 9. Qd3 f5 10. O-O Nxc3 11. Qxc3 d6 12. c5 Be4 13. cxd6 cxd6 14.
Rfc1 Nd7 15. Qc7 Nf6 16. Ng5 Bxg2 17. Kxg2 Qxc7 18. Rxc7 Rfe8 19. Rac1 h6
20. Nf7 d5 21. Ne5 Ne4 22. R1c6 Nf6 23. f3 b5 24. Ng6 Kh7 25. Nf4 e5 26.
dxe5 Rxe5 27. Rxf6 {Black forfeits on time} 1-0

[Event "ICC tourney 1932 (15 5)"]
[Site "Internet Chess Club"]
[Date "2020.07.24"]
[Round "4"]
[White "LChessMaster"]
[Black "aquilesboy"]
[Result "1-0"]
[ICCResult "Black resigns"]
[WhiteElo "1572"]
[BlackElo "1309"]
[Opening "Nimzo-Indian defense"]
[ECO "E20"]
[NIC "NI.30"]
[Time "20:01:48"]
[TimeControl "900+5"]

1. d4 Nf6 2. c4 e6 3. Nc3 Bb4 4. Bd2 O-O 5. e3 d5 6. Nf3 c5 7. a3 Bxc3 8.
Bxc3 Ne4 9. cxd5 exd5 10. dxc5 Nxc3 11. bxc3 Qa5 12. Qd2 Nd7 13. Bd3 Nxc5
14. O-O Ne4 15. Bxe4 dxe4 16. Nd4 Bd7 17. Rfb1 b6 18. Qc2 Rfe8 19. h3 Rac8
20. Rb4 Qg5 21. Kh2 Rc7 22. Rd1 Rec8 23. Qxe4 Rxc3 24. Nf3 Qf5 25. Qe7 R3c7
26. Rbd4 Qe6 27. Qxe6 fxe6 28. Rxd7 h6 29. Kg3 Kf8 30. Kf4 Ke8 31. Rxc7 Rxc7
32. Ne5 {Black resigns} 1-0

[Event "ICC tourney 1932 (15 5)"]
[Site "Internet Chess Club"]
[Date "2020.07.24"]
[Round "4"]
[White "drberkley"]
[Black "caracal"]
[Result "1-0"]
[ICCResult "Black resigns"]
[WhiteElo "1501"]
[BlackElo "1252"]
[Opening "French: Steinitz, Boleslavsky variation"]
[ECO "C11"]
[NIC "FR.04"]
[Time "20:02:36"]
[TimeControl "900+5"]

1. e4 e6 2. Nc3 d5 3. d4 Nf6 4. e5 Nfd7 5. f4 c5 6. Nf3 Nc6 7. Be3 cxd4 8.
Nxd4 Nxd4 9. Bxd4 Bc5 10. Nb5 O-O 11. Bxc5 Nxc5 12. Nd6 f6 13. Qd4 Nd7 14.
Bd3 fxe5 15. fxe5 Qg5 16. Rf1 Nxe5 17. Rxf8+ Kxf8 18. Bxh7 Ng4 19. Ke2 Qh5
20. Rf1+ Nf6+ 21. Kd2 Qxh7 22. Rxf6+ gxf6 23. Qxf6+ Kg8 24. Nxc8 Qf7 25.
Ne7+ Kf8 26. Ng6+ Ke8 27. Qh8+ Kd7 28. Ne5+ Ke7 29. Nxf7 Rxh8 30. Nxh8 Kf6
31. Ke3 Kg7 32. Kf4 Kxh8 33. Ke5 {Black resigns} 1-0

[Event "ICC tourney 1932 (15 5)"]
[Site "Internet Chess Club"]
[Date "2020.07.24"]
[Round "4"]
[White "Aryangambit"]
[Black "firetiger"]
[Result "1/2-1/2"]
[ICCResult "Game drawn by mutual agreement"]
[WhiteElo "1790"]
[BlackElo "2514"]
[Opening "Philidor: Improved Hanham variation"]
[ECO "B07"]
[NIC "PU.08"]
[Time "20:01:52"]
[TimeControl "900+5"]

1. e4 d6 2. d4 Nf6 3. Nc3 e5 4. Nf3 Nbd7 5. Bc4 Be7 6. O-O O-O 7. h3 c6 8.
a4 Qc7 9. Be3 b6 10. Qe2 a6 11. d5 Bb7 12. Rfd1 b5 13. dxc6 bxc4 14. cxb7
Rab8 15. Nd2 Qxb7 16. Nxc4 Nxe4 17. Nxe4 Qxe4 18. Nxd6 Bxd6 19. Rxd6 Nf6 20.
b3 Nd5 21. Qd2 Nxe3 22. fxe3 Rfc8 23. Rd1 h5 24. Qd3 Qxd3 25. cxd3 Rxb3 26.
Rd2 Rcc3 27. Rxa6 Rxd3 28. Rxd3 Rxd3 29. Kf2 e4 30. Ra5 g6 31. Re5 f5 32.
Re7 h4 33. a5 Ra3 34. Ra7 Ra2+ 35. Kf1 Ra1+ 36. Kf2 Ra2+ 37. Kf1
{Game drawn by mutual agreement}
1/2-1/2

[Event "ICC tourney 1932 (15 5)"]
[Site "Internet Chess Club"]
[Date "2020.07.24"]
[Round "4"]
[White "icommai"]
[Black "playtowin2020"]
[Result "1-0"]
[ICCResult "Black checkmated"]
[WhiteElo "1425"]
[BlackElo "1241"]
[Opening "Nimzo-Indian: Kmoch variation"]
[ECO "E20"]
[NIC "NI.30"]
[Time "20:01:41"]
[TimeControl "900+5"]

1. d4 Nf6 2. c4 e6 3. Nc3 Bb4 4. f3 d5 5. a3 Be7 6. e4 c6 7. e5 Nfd7 8. f4
dxc4 9. Qg4 O-O 10. Nf3 f5 11. Qh5 Nb6 12. h4 Bd7 13. Ng5 h6 14. Qg6 Bxg5
15. hxg5 Qe8 16. Qxe8 Bxe8 17. gxh6 g6 18. a4 a5 19. Be3 Na6 20. Bf2 Nb4 21.
O-O-O N4d5 22. Rh4 Nxc3 23. bxc3 Nxa4 24. Bxc4 Bf7 25. Rh3 b5 26. h7+ Kg7
27. Bh4 g5 28. Bxg5 bxc4 29. Bf6+ Kg6 30. Rdh1 Rh8 31. Rh6# {Black
checkmated} 1-0